 Dungeon Crawl Stone Soup version 0.31-a0-844-gdc52ec4e09 (webtiles) character file.

Game seed: 17102349721358258610

46 TheScarfBastard the Chopper (level 3, -1/33 HPs)
             Began as a Minotaur Berserker on Sept 30, 2023.
             Was a Follower of Trog.
             Slain by a goblin
             ... wielding a +0 dagger
             ... led by Robin
              (5 damage)
             ... on level 2 of the Dungeon.
             The game lasted 00:01:41 (391 turns).

TheScarfBastard the Chopper (Minotaur Berserker)     Turns: 391, Time: 00:01:42

Health: -1/33      AC:  2    Str: 23    XL:     3   Next: 44%
Magic:  2/2        EV: 12    Int:  4    God:    Trog [*.....]
Gold:   18         SH:  0    Dex:  9    Spells: 2/2 levels left

rFire   + . .        a - +0 hand axe
rCold   + . .        (no shield)
rNeg    . . .        b - +0 animal skin
rPois   +            (helmet restricted)
rElec   +            (no cloak)
rCorr   +            (no gloves)
SInv    .            (no boots)
Will    .....        (no amulet)
Stlth   +            (no ring)
HPRegen 0.25/turn    (no ring)
MPRegen 0.08/turn

%: no passive effects
@: resistant, on berserk cooldown
A: horns 2, retaliatory headbutt
a: Renounce Religion, Berserk


You were on level 2 of the Dungeon.
You worshipped Trog.
Trog was aware of your devotion.
You visited 1 branch of the dungeon, and saw 2 of its levels.

You collected 18 gold pieces.

Inventory:

Hand Weapons
 a - a +0 hand axe (weapon)
Armour
 b - a +0 animal skin (worn)
Potions
 c - a potion of enlightenment {unknown}
 d - a potion of curing {unknown}


   Skills:
 + Level 4.2 Fighting
 + Level 4.5 Axes
 + Level 2.8 Armour
 + Level 2.5 Dodging


You had 2 spell levels left.
You didn't know any spells.
Your spell library was empty.

Dungeon Overview and Level Annotations

Branches:
Dungeon (2/15)

Altars:

Annotations:
D:2 Robin


Innate Abilities, Weirdness & Mutations

You have a pair of horns on your head.
You reflexively headbutt those who attack you in melee.


Message History

Trog accepts your kill.
You hit the goblin. x2; The goblin hits you with a +0 dagger.
Robin roars a battlecry!
The goblins go into a battle-frenzy!
The goblin hits you with a +0 club.
The goblin shouts!
You hit the goblin but do no damage. You hit the goblin.
You kill the goblin!
Trog accepts your kill.
You slash the goblin!
You kill the goblin!
Trog accepts your kill. Robin throws the goblin at you!
The goblin barely misses you. The goblin hits you with a +0 dagger.
Robin throws the goblin at you! The goblin barely misses you.
The goblin hits you with a +0 dagger.
A goblin comes into view. It is wielding a +0 club.
The hobgoblin closely misses you. You furiously retaliate!
You headbutt the hobgoblin. You hit the hobgoblin.
The hobgoblin is lightly wounded.
You hit the goblin. You closely miss the goblin. You slash the goblin!
You kill the goblin!
Trog accepts your kill.
You barely miss the hobgoblin.
You feel yourself speed up. The hobgoblin closely misses you.
The goblin hits you with a +0 dagger. The goblin hits you with a +0 club.
* * * LOW HITPOINT WARNING * * *
The hobgoblin barely misses you. The hobgoblin hits you.
* * * LOW HITPOINT WARNING * * *
The goblin barely misses you. x2; You furiously retaliate!
You headbutt the goblin!
You kill the goblin!
Trog accepts your kill.
It was a potion of resistance.
You feel protected.
Robin roars a battlecry!
The goblin goes into a battle-frenzy!
The goblin hits you with a +0 dagger.
You die...

#≈≈≈≈≈≈≈≈≈≈##
##≈≈≈≈≈≈≈≈≈≈≈≈##
##≈≈≈≈≈≈≈≈≈≈≈≈≈≈## ##
##≈≈≈≈≈≈≈≈≈≈≈≈≈≈≈≈## ## .
#≈≈≈≈≈≈≈≈≈≈≈≈≈≈≈≈≈≈#
...##.#≈≈≈≈≈≈≈≈≈≈≈≈≈≈≈≈≈≈#
......#≈≈≈≈≈≈≈⌠..⌠≈≈≈≈≈≈≈###
<.....'...w.ggg≈≈........'.#
......'.g.g.g@)≈≈....)†..'.#
....g.#≈≈≈≈≈≈≈⌠..⌠≈≈≈≈≈≈≈#.#
...<. #≈≈≈≈≈≈≈≈≈≈≈≈≈≈≈≈≈≈#.#


g.gg #≈≈≈≈≈≈≈≈≈≈≈≈≈≈≈≈≈≈#.# ..g ##≈≈≈≈≈≈≈≈≈≈≈≈≈≈≈≈##.# .g ##≈≈≈≈≈≈≈≈≈≈≈≈≈≈##..#
. ##≈≈≈≈≈≈≈≈≈≈≈≈##..## ##≈≈≈≈≈≈≈≈≈≈##..## ##≈≈≈≈≈≈≈≈####.## You could see Robin,
a dart slug, 2 hobgoblins and 3 goblins.

Vanquished Creatures
  2 adders (D:2)
  A ball python (D:2)
  3 bats
  3 endoplasms (D:1)
  6 goblins (D:2)
  4 hobgoblins (D:1)
  2 frilled lizards (D:1)
  4 rats (D:1)
25 creatures vanquished.

Notes
Turn   | Place    | Note
-------+----------+-------------------------------------------
     0 | D:1      | TheScarfBastard the Minotaur Berserker began the quest for
                  | the Orb.
     0 | D:1      | Reached XP level 1. HP: 19/19 MP: 0/0
   109 | D:1      | Reached XP level 2. HP: 20/27 MP: 1/1
   289 | D:1      | Found a faded altar of an unknown god.
   359 | D:2      | Reached XP level 3. HP: 33/33 MP: 2/2
   380 | D:2      | Noticed Robin
   391 | D:2      | Slain by a goblin

Illustrated notes

Levels and vault maps discovered:
D:1:      dpeg_arrival_erosion, layout_basic,
          shapermc_ecumenical_altar_mp_urbaneastern, bh_walls_and_bars
D:2:      kennysheep_big_flooded_room, layout_rooms, uniq_robin, uniq_terence

Skill      XL: |  1  2 |
---------------+-------+-----
Axes           | 4 |  4.5
Fighting       | 4 |  4.2
Armour         | |  2.8
Dodging        | |  2.5

Action                     || total
---------------------------++-------
  Melee: Hand axe          ||    36
         Headbutt          ||     6
 Invoke: Berserk           ||     2
    Use: Scroll            ||     3
         Potion            ||     1
 Armour: Animal skin       ||    34
  Dodge: Dodged            ||    38

Table legend: (Time is in decaauts)
 A = Elapsed time spent in this place.
 B = Non-inter-level travel time spent in this place.
 C = Inter-level travel time spent in this place.
 D = Time resting spent in this place.
 E = Time spent auto-exploring this place.
 F = Levels seen in this place.
 G = Mean time per level.
                   A        B        C        D        E       F      G
               +--------+--------+--------+--------+--------+-----+--------+
         Total |    415 |    415 |      0 |      0 |    171 |   2 |  207.5 |
       Dungeon |    415 |    415 |      0 |      0 |    171 |   2 |  207.5 |
               +--------+--------+--------+--------+--------+-----+--------+

Top non-repeatable levels by time:
     D:1: 339 daAuts
     D:2: 76 daAuts
